 Dungeon Crawl Stone Soup version 0.29.1-1-gd02db6906a (webtiles) character file.

Game seed: 17183977568740949245

247 safid the Shooter (level 5, 0/48 HPs)
             Began as a Minotaur Hunter on Sept 26, 2022.
             Slain by Edmund
             ... wielding a +2 flail of protection
              (10 damage)
             ... on level 4 of the Dungeon.
             The game lasted 00:04:18 (2331 turns).

safid the Shooter (Minotaur Hunter)                 Turns: 2331, Time: 00:04:18

Health: 0/48       AC:  3    Str: 16    XL:     5   Next: 85%
Magic:  4/4        EV: 12    Int:  6    God:
Gold:   215        SH:  0    Dex: 15    Spells: 4/4 levels left

rFire   . . .      SeeInvis .   a - +0 shortbow
rCold   . . .      Faith    .   (shield currently unavailable)
rNeg    + . .      Spirit   .   c - +0 leather armour
rPois   .          Reflect  .   (helmet restricted)
rElec   .          Harm     .   (no cloak)
rCorr   .          Rampage  .   (no gloves)
Will    .....                   (no boots)
Stlth   +.........              r - amulet of regeneration
HPRegen 0.96/turn               n - ring of positive energy
MPRegen 0.09/turn               (no ring)

@: lethally poisoned (0 -> -4), about to teleport
A: horns 2, retaliatory headbutt
a: no special abilities


You were on level 4 of the Dungeon.
You visited 1 branch of the dungeon, and saw 4 of its levels.

You collected 215 gold pieces.

Inventory:

Hand Weapons
 a - a +0 shortbow (weapon)
Armour
 c - a +0 leather armour (worn)
Jewellery
 n - a ring of positive energy (left hand)
 r - an amulet of regeneration (around neck)
Scrolls
 e - a scroll of enchant weapon {unknown}
 j - a scroll of magic mapping {unknown}
 l - 6 scrolls of identify {unknown}
 p - a scroll of poison {unknown}
 q - a scroll of teleportation
Potions
 b - 2 potions of flight {unknown}
 d - a potion of brilliance {unknown}
 f - a potion of invisibility {unknown}
 g - a potion of haste {unknown}
 h - 2 potions of mutation {unknown}
 i - a potion of berserk rage {unknown}
 k - 2 potions of curing {unknown}
 m - a potion of might {unknown}
 o - a potion of heal wounds {unknown}
 s - a potion of degeneration {unknown}


   Skills:
 + Level 5.5 Fighting
 + Level 6.3 Ranged Weapons
 - Level 2.1 Dodging
 - Level 0.7 Stealth


You had 4 spell levels left.
You didn't know any spells.
Your spell library contained the following spells:

 Spells                   Type           Power      Damage    Failure   Level
 Blink                    Tloc           0%         N/A       67%         2
 Passwall                 Tmut/Erth      0%         N/A       67%         2
 Wereblood                Tmut           0%         N/A       67%         2
 Lesser Beckoning         Tloc           0%         N/A       88%         3
 Ice Form                 Ice/Tmut       0%         N/A       99%         4
 Manifold Assault         Tloc           0%         N/A       100%        5
 Yara's Violent Unravell  Hex/Tmut       0%         3d3       100%        5


Dungeon Overview and Level Annotations

Branches:
Dungeon (4/15)
 Temple: D:4-7

Altars:
Cheibriados
Sif Muna

Annotations:
D:1 1 runed translucent door
D:4 Edmund


Innate Abilities, Weirdness & Mutations

You have a pair of horns on your head.
You reflexively headbutt those who attack you in melee.


Message History

The arrow hits Edmund but does no damage.
You shoot an arrow.
The arrow hits Edmund but does no damage.
You shoot an arrow.
The arrow hits Edmund but does no damage.
You shoot an arrow.
The arrow hits Edmund but does no damage.
Edmund hits you but does no damage.
You shoot an arrow. The arrow barely misses Edmund.
The adder closely misses you. The adder bites you but does no damage.
Edmund says, "People will remember me!
They'll remember me and die!"
Edmund barely misses you.
You shoot an arrow. The arrow hits Edmund.
Edmund is lightly wounded.
The adder bites you but does no damage.
Edmund hits you with a +2 flail of protection!
You shoot an arrow.
The arrow hits Edmund but does no damage.
Edmund is lightly wounded.
The adder closely misses you. You furiously retaliate!
You headbutt the adder.
Edmund hits you with a +2 flail of protection!
The adder bites you.
You are poisoned.
The adder poisons you! Edmund attacks as you move away!
Edmund hits you with a +2 flail of protection!
The adder attacks as you move away! The adder bites you.
You are more poisoned.
The adder poisons you!
You feel very sick.
You feel sick. The adder attacks as you move away! The adder bites you.
You feel sick. The adder bites you.
* * * LOW HITPOINT WARNING * * *
You are more poisoned.
The adder poisons you!
As you read the scroll labelled ANUERI CIEFA, it crumbles to dust.
You feel strangely unstable.
It was a scroll of teleportation.
You feel sick.
Edmund hits you with a +2 flail of protection!
You die...

.............#.
....^.......... #....
.............. ..##....#
#............ .........#
#............
.........####............
............##............
.................@.###.....
................@S..## !..
...........<.........## .
......................# ..
#...............####..# ...
#...........#####...##...
#.........#.###...#.......
###........###.....#.......
##..........# ##..(.........
#...........####............


You could see Edmund and an adder.

Vanquished Creatures
  Sigmund (D:2)
  A hound (D:3)
  An adder (D:2)
  2 worms
  A dart slug (D:1)
  An orc (D:3)
  A bat (D:3)
  3 endoplasms
  A giant cockroach (D:1)
  3 goblins
  7 hobgoblins
  4 jackals (D:3)
  4 kobolds
  5 quokkas
  5 ball pythons
  6 frilled lizards
  4 rats (D:1)
50 creatures vanquished.

Notes
Turn   | Place    | Note
-------+----------+-------------------------------------------
     0 | D:1      | safid the Minotaur Hunter began the quest for the Orb.
     0 | D:1      | Reached XP level 1. HP: 18/18 MP: 0/0
     1 | D:1      | Found a runed translucent door.
   143 | D:1      | Reached XP level 2. HP: 25/25 MP: 1/1
   543 | D:2      | Reached skill level 5 in Ranged Weapons
   543 | D:2      | Reached XP level 3. HP: 31/31 MP: 2/2
   561 | D:2      | Found a faded altar of an unknown god.
   912 | D:2      | Noticed Sigmund
  1526 | D:2      | Killed Sigmund
  1527 | D:2      | Reached skill level 5 in Fighting
  1527 | D:2      | Reached skill level 6 in Ranged Weapons
  1527 | D:2      | Reached XP level 4. HP: 32/42 MP: 3/3
  1527 | D:2      | Reached XP level 5. HP: 37/48 MP: 4/4
  1675 | D:3      | Found a snail-covered altar of Cheibriados.
  1799 | D:3      | Found a shimmering blue altar of Sif Muna.
  2095 | D:3      | Got the Incunable of Transmutation
  2319 | D:4      | Noticed Edmund
  2331 | D:4      | Slain by Edmund

Illustrated notes

Levels and vault maps discovered:
D:1:      dpeg_arrival_caged_fury, layout_rooms, corexii_leaking_fountain
D:2:      layout_basic, hellmonk_ecumenical_altar_crossroads,
          minmay_misc_feat_nine_boxes, minmay_door_square, uniq_sigmund
D:3:      minmay_door_path, layout_rooms, cheibriados_altar_1,
          lemuel_crystal_altar
D:4:      layout_cave_pools, roderic_lattice_a, st_stairs_7, uniq_pikel,
          uniq_edmund

Skill      XL: |  1  2  3 |
---------------+----------+-----
Fighting       | 3 5 |  5.5
Ranged Weapons | 5 6 |  6.3
Dodging        | |  2.1
Stealth        | |  0.7

Action                   |  1- 3 |  4- 6 || total
-------------------------+-------+-------++-------
 Fire: Shortbow          |   104 |    43 ||   147
  Use: Scroll            |       |     1 ||     1
Armor: Leather armour    |    12 |     4 ||    16
Dodge: Dodged            |    23 |    10 ||    33
